Map: Ley Lines

Players

ManlyManMeat - Winner!

  • Race: Zerg Zerg
  • League: Diamond
  • Spawn Location: 1:00

VOD

Have the link to the VOD?

Description

Time

  • Played on: June 22, 2025, 4:20 p.m.
  • Length: 12:18
Show
View Real Time Build Order
Export as new Build Order

ManlyManMeat Zerg - Winner!

Build Orders:  

Get SALT Encoding   

  12  0:00  Drone  
  13  0:11  Drone  
  14  0:25  Drone, Extractor  
  15  0:31  Overlord  
  15  0:57  Drone  
  16  1:05  Hatchery  
  15  1:10  Drone  
  15  1:18  Drone  
  17  1:20  Drone  
  18  1:41  Extractor  
  18  1:45  Spawning Pool  
  18  1:49  Drone  
  17  1:55  Drone  
  18  2:00  Drone  
  19  2:21  Drone  
  20  2:51  Queen x2  
  20  2:54  Zergling x4  
  20  2:59  Overlord  
  26  3:22  Drone x2  
  28  3:30  Drone x2  
  30  3:51  Drone  
  30  3:55  Hatchery  
  30  4:00  Drone  
  31  4:10  Queen  
  31  4:11  Metabolic Boost  
  31  4:18  Drone x2  
  35  4:24  Drone  
  35  4:27  Overlord  
  36  4:37  Overlord  
  36  4:52  Drone  
  36  4:53  Drone x2  
  36  4:55  Drone  
  36  4:56  Drone x2  
  42  5:17  Drone  
  42  5:18  Zergling x2  
  42  5:19  Zergling x12  
  50  5:26  Overlord  
  50  5:37  Queen  
  50  5:39  Drone x3  
  55  5:51  Baneling Nest  
  55  5:52  Drone, Extractor  
  55  5:53  Drone  
  55  5:56  Drone, Evolution Chamber  
  55  6:03  Drone  
  55  6:04  Drone x2  
  55  6:08  Drone x2  
  55  6:09  Drone  
  61  6:15  Drone  
  61  6:16  Drone  
  63  6:39  Lair, Queen  
  65  6:41  Overlord x3  
  65  6:54  Overlord  
  65  6:55  Overlord x2  
  65  7:03  Zerg Melee Weapons Level 1  
  65  7:09  Baneling  
  65  7:10  Evolution Chamber  
  65  7:13  Drone  
  65  7:14  Drone x2  
  65  7:15  Extractor  
  66  7:28  Zergling x2  
  66  7:29  Zergling x18  
  76  7:30  Zergling x4, Centrifugal Hooks  
  78  7:47  Drone x3  
  81  7:50  Drone  
  81  7:51  Drone x3  
  81  7:57  Drone  
  85  8:21  Zergling x10  
  87  8:38  Hatchery  
  84  8:43  Hatchery  
  84  8:46  Zerg Ground Armor Level 1  
  83  8:50  Zergling x18  
  83  8:58  Hatchery  
  91  9:07  Hatchery  
  90  9:35  Overlord  
  90  9:36  Overlord x3  
  90  9:38  Zergling x18  
  99  9:40  Baneling x2  
  99  9:41  Baneling  
  99  9:42  Baneling x2  
  99  9:43  Baneling  
  99  9:44  Baneling  
  99  9:45  Baneling  
  99  9:46  Baneling  
  99  9:47  Baneling  
  99  9:50  Drone  
  99  9:51  Drone  
  99  9:53  Drone  
  102  10:07  Infestation Pit  
  101  10:40  Baneling x7  
  101  10:41  Baneling x5  
  101  10:47  Zergling x28  
  101  10:48  Zergling x6  
  116  11:04  Zergling x12  
  117  11:15  Zergling x18  
  117  11:16  Zergling x4  
  117  11:18  Unknown  
  121  11:24  Zergling x10  
  124  11:38  Zergling x2  
  124  11:39  Zergling x14, Unknown  
  128  11:45  Unknown  
  128  11:47  Zergling x10  
  125  12:05  Unknown  
Tags
 
League
Diamond
Matchup
Co-op
Replay Pack
Myownreplay2
Add a new tag
Caveats
  • Supply blocks, unpowered buildings, or Contaminate may cause inaccurate times.
  • Supply counts are checked every 10 seconds.